Map: Dusk Towers

Players

lIIlllllIIII (HuK) - Winner!

  • Race: Protoss Protoss
  • League: Grandmaster

Tonho

  • Race: Protoss Protoss
  • League: Master

Event: NationWars III

VOD

Have the link to the VOD?

Description

Time

  • Played on: Nov. 20, 2015, 3:33 p.m.
  • Length: 15:21
Show
View Real Time Build Order
Export as new Build Order

lIIlllllIIII Protoss - Winner!

Build Orders: Dark Templar Rush 

Get SALT Encoding   

  12  0:00  Probe (Chrono Boost)  
  13  0:11  Probe (Chrono Boost)  
  14  0:18  Pylon  
  14  0:22  Probe (Chrono Boost)  
  15  0:37  Probe (Chrono Boost)  
  15  0:39  Gateway  
  15  0:42  Assimilator  
  16  0:47  Probe (Chrono Boost)  
  17  0:53  Assimilator  
  17  0:58  Probe (Chrono Boost)  
  17  1:00  Pylon  
  18  1:08  Probe (Chrono Boost)  
  19  1:19  Probe (Chrono Boost)  
  20  1:26  Cybernetics Core  
  20  1:29  Probe (Chrono Boost)  
  21  1:40  Probe (Chrono Boost)  
  22  1:50  Probe (Chrono Boost)  
  23  1:57  Nexus  
  23  2:00  Warp Gate (Chrono Boost)  
  24  2:04  Mothership Core (Chrono Boost)  
  25  2:13  Twilight Council  
  25  2:23  Probe  
  25  2:29  Gateway  
  27  2:43  Adept (Chrono Boost)  
  28  2:53  Dark Shrine  
  28  2:58  Gateway  
  27  3:05  Robotics Facility  
  27  3:13  Adept (Chrono Boost)  
  29  3:38  Pylon  
  29  3:53  Immortal (Chrono Boost)  
  33  3:59  Stalker x2  
  33  4:00  Stalker  
  39  4:08  Pylon  
  39  4:16  Pylon  
  39  4:17  Pylon  
  39  4:38  Dark Templar  
  41  4:47  Dark Templar  
  38  5:03  Zealot  
  44  5:09  Probe x2  
  46  5:22  Dark Templar  
  46  5:25  Probe  
  46  5:27  Probe  
  50  5:28  Immortal (Chrono Boost)  
  50  5:41  Gateway  
  50  5:45  Gateway  
  50  5:48  Probe  
  50  5:49  Pylon  
  51  5:50  Probe  
  52  6:02  Probe, Warp Prism (Chrono Boost)  
  55  6:07  Probe  
  56  6:14  Probe  
  57  6:19  Probe  
  57  6:25  Sentry  
  60  6:26  Probe  
  60  6:29  Pylon  
  60  6:31  Probe  
  62  6:34  Observer (Chrono Boost)  
  63  6:44  Blink (Chrono Boost)  
  63  6:47  Probe, Forge  
  63  6:48  Probe  
  63  6:51  Assimilator  
  63  6:53  Observer (Chrono Boost)  
  66  7:00  Probe  
  67  7:02  Probe  
  68  7:13  Nexus  
  68  7:14  Protoss Ground Weapons Level 1 (Chrono Boost)  
  68  7:16  Pylon  
  68  7:18  Dark Templar  
  70  7:23  Probe x2 (Chrono Boost)  
  70  7:28  Assimilator  
  72  7:38  Probe  
  72  7:40  Probe  
  72  7:43  Photon Cannon  
  74  7:45  Pylon  
  74  7:49  Probe  
  75  7:53  Gateway  
  75  7:55  Stalker  
  77  8:04  Robotics Bay  
  77  8:15  Nexus  
  75  8:28  Probe x2  
  75  8:33  Stalker x5  
  87  8:39  Pylon  
  87  8:40  Probe, Pylon  
  88  8:51  Disruptor (Chrono Boost)  
  88  8:52  Gravitic Drive  
  91  9:00  Probe x2  
  91  9:02  Assimilator  
  93  9:04  Protoss Ground Weapons Level 2, Robotics Facility  
  93  9:06  Assimilator  
  93  9:16  Probe x2  
  95  9:22  Photon Cannon  
  95  9:27  Disruptor (Chrono Boost)  
  95  9:28  Probe  
  99  9:40  Probe  
  99  9:44  Probe  
  99  9:45  Probe  
  102  9:52  Probe  
  101  9:54  Probe  
  101  9:57  Zealot x2  
  101  9:58  Disruptor (Chrono Boost), Zealot x2  
  113  10:13  Gateway  
  108  10:35  Stalker x3  
  106  10:36  Stalker x2, Disruptor (Chrono Boost)  
  106  10:39  Disruptor (Chrono Boost)  
  106  10:40  Pylon  
  112  10:50  Templar Archives  
  112  10:54  Gateway  
  111  10:59  Gateway  
  111  11:01  Gateway  
  111  11:02  Protoss Ground Weapons Level 3  
  111  11:03  Gateway  
  110  11:09  Disruptor  
  113  11:13  Stalker x4  
  113  11:16  Stalker  
  122  11:29  Psionic Storm  
  122  11:33  Dark Templar  
  122  11:35  Dark Templar  
  122  11:39  Dark Templar  
  128  11:44  Dark Templar  
  130  11:49  Pylon  
  130  11:51  Observer Gravitic Boosters  
  126  12:16  High Templar x3  
  126  12:36  Nexus  
  126  12:38  Assimilator  
  126  12:42  Assimilator  
  126  12:44  Pylon  
  126  12:47  Pylon  
  126  12:49  Photon Cannon x2  
  126  12:54  Probe x2  
  128  13:02  High Templar  
  128  13:03  Stalker x5  
  128  13:04  Stalker x2  
  128  13:05  Zealot x2  
  146  13:08  Charge  
  146  13:10  Photon Cannon  
  148  13:36  Zealot x2  
  148  13:37  Zealot x2  
  148  13:40  Pylon  
  156  13:42  Pylon  
  156  13:44  Pylon  
  156  13:45  Pylon  
  156  13:55  High Templar  
  156  13:56  High Templar x3  
  156  13:57  High Templar  
  156  13:59  High Templar  
  156  14:02  Archon x3  
  168  14:04  Zealot x3  
  174  14:16  Dark Templar  
  176  14:20  Observer  
  175  14:57  Archon  
  175  14:59  Stalker x4  
  183  15:00  Stalker x6  
Show
View Real Time Build Order
Export as new Build Order

Tonho Protoss 

Build Orders:  

Get SALT Encoding   

  12  0:01  Probe (Chrono Boost)  
  13  0:14  Pylon  
  13  0:18  Probe (Chrono Boost)  
  14  0:28  Probe (Chrono Boost)  
  14  0:33  Gateway  
  15  0:39  Probe (Chrono Boost)  
  17  0:50  Probe (Chrono Boost)  
  17  0:51  Assimilator  
  17  0:56  Assimilator  
  17  1:00  Probe (Chrono Boost)  
  18  1:11  Probe (Chrono Boost), Gateway  
  19  1:21  Probe (Chrono Boost)  
  19  1:22  Cybernetics Core  
  20  1:32  Probe (Chrono Boost)  
  21  1:42  Pylon  
  21  1:44  Probe (Chrono Boost)  
  22  1:54  Probe (Chrono Boost)  
  22  1:58  Warp Gate (Chrono Boost)  
  22  2:00  Adept x2  
  27  2:10  Pylon  
  27  2:13  Mothership Core  
  29  2:28  Gateway  
  29  2:33  Stalker  
  29  2:35  Stalker  
  33  2:53  Gateway  
  33  3:04  Probe  
  34  3:06  Gateway  
  34  3:11  Pylon  
  34  3:38  Forge  
  32  3:49  Stalker x3  
  36  4:15  Photon Cannon  
  35  4:19  Stalker  
  35  4:20  Sentry x2  
  35  4:21  Stalker  
  41  4:28  Stalker  
  41  4:50  Stalker x2  
  41  4:51  Zealot  
  43  4:55  Sentry  
  43  5:03  Probe  
  44  5:10  Robotics Facility  
  44  5:16  Probe  
  45  5:28  Probe  
  44  5:40  Probe  
  43  5:52  Probe  
  44  5:57  Observer (Chrono Boost)  
  45  6:08  Probe  
  46  6:12  Pylon  
  46  6:14  Nexus  
  46  6:16  Pylon  
  46  6:25  Protoss Ground Weapons Level 1  
  46  6:31  Immortal (Chrono Boost)  
  50  6:35  Sentry x2  
  54  6:41  Photon Cannon  
  54  6:43  Probe  
  55  6:53  Pylon  
  55  6:55  Probe  
  56  7:07  Probe, Immortal (Chrono Boost)  
  61  7:14  Assimilator  
  61  7:19  Probe  
  62  7:22  Stargate  
  62  7:31  Probe  
  62  7:32  Probe  
  62  7:34  Pylon  
  64  7:42  Observer (Chrono Boost)  
  64  7:43  Probe  
  66  7:45  Probe  
  67  7:55  Probe x2  
  67  7:56  Assimilator  
  69  8:03  Immortal (Chrono Boost)  
  73  8:08  Void Ray  
  77  8:20  Probe  
  77  8:21  Probe  
  79  8:30  Probe  
  80  8:39  Nexus  
  80  8:40  Pylon  
  80  8:45  Immortal (Chrono Boost)  
  80  8:48  Probe  
  85  8:51  Pylon  
  85  9:00  Void Ray  
  89  9:05  Photon Cannon  
  89  9:15  Probe  
  90  9:17  Probe  
  91  9:28  Stargate  
  91  9:31  Photon Cannon  
  91  9:32  Twilight Council  
  91  9:36  Pylon  
  89  9:41  Probe  
  93  9:56  Photon Cannon  
  93  9:57  Probe  
  90  10:03  Observer (Chrono Boost)  
  87  10:19  Stalker x4  
  91  10:42  Zealot  
  91  10:44  Probe  
  94  11:00  Assimilator  
  94  11:04  Assimilator  
  94  11:06  Pylon  
  94  11:12  Void Ray  
  94  11:15  Pylon  
  94  11:22  Probe  
  94  11:24  Probe  
  96  11:35  Nexus  
  96  11:36  Probe  
  96  11:38  Probe  
  98  11:47  Stalker  
  98  11:49  Probe x2, Robotics Bay  
  98  11:50  Sentry  
  102  12:04  Photon Cannon  
  102  12:07  Photon Cannon  
  101  12:15  Void Ray  
  97  12:31  Probe  
  96  12:41  Disruptor (Chrono Boost)  
  96  12:43  Pylon  
  99  12:46  Pylon  
  99  12:55  Probe x3  
  102  13:05  Probe  
  102  13:07  Probe  
  102  13:12  Disruptor (Chrono Boost)  
  107  13:13  Probe  
  108  13:32  Probe  
  109  13:36  Photon Cannon  
  109  13:40  Probe x2, Photon Cannon  
  109  13:42  Photon Cannon  
  109  13:44  Probe  
  109  13:46  Disruptor (Chrono Boost), Photon Cannon  
  115  14:05  Nexus, Pylon, Photon Cannon  
  115  14:12  Pylon  
  115  14:18  Templar Archives  
  115  14:20  Disruptor (Chrono Boost)  
  118  14:25  Pylon  
  118  14:26  Probe  
  117  14:48  Photon Cannon  
  117  14:51  Photon Cannon  
  117  14:54  Photon Cannon  
Tags
 
Add a new tag
Caveats
  • Supply blocks, unpowered buildings, or Contaminate may cause inaccurate times.
  • Supply counts are checked every 10 seconds.